 Dungeon Sprint DCSS version 0.30.0 (webtiles) character file.

Game seed: 18057980148732882945

29300 PurpleRed the Eclecticist (level 13, -24/83 HPs)
             Began as a Deep Elf Conjurer on July 18, 2023.
             Was the Champion of Vehumet.
             Killed from afar by Lom Lobon (33 damage)
             ... with a great icy blast
             ... in the Dungeon (Sprint I: "Red Sonja").
             The game lasted 00:34:47 (4969 turns).

PurpleRed the Eclecticist (Deep Elf Conjurer)       Turns: 4969, Time: 00:34:47

Health: -24/83     AC: 10    Str:  4    XL:     13   Next: 14%
Magic:  39/39      EV: 16    Int: 29    God:    Vehumet [******]
Gold:   2564       SH:  0    Dex: 13    Spells: 1/53 levels left

rFire   + + .        y - staff of fire
rCold   + + .        (no shield)
rNeg    . . .        r - +2 robe {Will+}
rPois   +            (no helmet)
rElec   +            e - +2 cloak
rCorr   +            n - +2 pair of gloves
SInv    .            (no boots)
Will    ++...        (no amulet)
Stlth   ++           a - ring of poison resistance
HPRegen 0.33/turn    o - ring of protection from cold
MPRegen 0.26/turn

%: no teleportation
@: resistant, slowed, very slow
A: no striking features
a: Renounce Religion


You were in the Dungeon.
You worshipped Vehumet.
Vehumet was exalted by your worship.
You visited 1 branch You collected 5654 gold pieces.
You spent 3090 gold pieces at shops.

Inventory:

Hand Weapons
 l - a +3 dagger of venom
 B - the +5 trident of the Shrike {holy, Contam rC+ rN+}
   (You found it in the Dungeon)

   rC:        It protects you from cold.
   rN:        It protects you from negative energy.
   Contam:    It causes magical contamination when unequipped.
Missiles
 i - 5 curare-tipped darts
Armour
 e - a +2 cloak (worn)
 j - a +1 troll leather armour
 n - a +2 pair of gloves (worn)
 r - a +2 robe of willpower (worn)
Magical Staves
 y - a staff of fire (weapon)
Jewellery
 a - a ring of poison resistance (left hand)
 o - a ring of protection from cold (right hand)
 x - a ring of fire
 A - a ring of positive energy
Wands
 d - a wand of polymorph (4)
 h - a wand of digging (5)
 m - a wand of flame (31)
Scrolls
 b - a scroll of identify
 g - 2 scrolls of blinking
 k - a scroll of enchant weapon
 s - 2 scrolls of immolation
 w - a scroll of poison
Potions
 c - 4 potions of curing
 q - a potion of flight
 t - 2 potions of brilliance
 u - 2 potions of haste


   Skills:
 - Level 10.6 Fighting
 - Level 10.0 Dodging
 - Level 2.4 Stealth
 - Level 20.6 Spellcasting
 - Level 19.6 Conjurations
 - Level 3.0 Hexes
 - Level 3.0 Translocations
 * Level 15.0 Fire Magic
 - Level 10.0 Air Magic
 * Level 15.4 Earth Magic


You had one spell level left.
You knew the following spells:

 Your Spells              Type           Power      Damage    Failure   Level
a - Magic Dart            Conj           100%       1d8       0%          1
b - Searing Ray           Conj           100%       2d8       0%          2
c - Fulminant Prism       Conj/Hex       38%        3d18      1%          4
d - Iskenderun's Mystic   Conj/Tloc      77%        2d15      1%          4
e - Fireball              Conj/Fire      57%        3d22      1%          5
f - Airstrike             Air            36%        2d(6-22)  1%          4
g - Summon Lightning Spi  Summ/Air       56%        N/A       1%          4
h - Scorch                Fire           100%       2d9       0%          2
i - Freezing Cloud        Conj/Ice/Air   36%        6-21      1%          5
j - Lehudib's Crystal Sp  Conj/Erth      46%        10d11     1%          8
k - Orb of Destruction    Conj           48%        9d13      1%          7
x - Plasma Beam           Fire/Air       50%        2x1d71    1%          6

Your spell library contained the following spells:

 Spells                   Type           Power      Damage    Failure   Level
 Starburst                Conj/Fire      57%        6d15      1%          6
 Static Discharge         Conj/Air       100%       2-7/arc   0%          2
 Flame Wave               Conj/Fire      100%       2d21      0%          4
 Dazzling Flash           Conj/Hex       100%       N/A       1%          3
 Vhi's Electric Charge    Tloc/Air       100%       N/A       1%          3
 Arcjolt                  Conj/Air       43%        1d53      1%          5
 Silence                  Hex/Air        30%        N/A       2%          5
 Passage of Golubria      Tloc           47%        N/A       3%          4
 Summon Ice Beast         Ice/Summ       29%        N/A       13%         4
 Summon Mana Viper        Hex/Summ       38%        N/A       19%         5
 Summon Cactus Giant      Summ           14%        N/A       89%         6
 Monstrous Menagerie      Summ           14%        N/A       100%        7


Dungeon Overview and Level Annotations

Branches:
Dungeon (1/1)

Altars:
Cheibriados
Dithmenos
Elyvilon
Fedhas
Gozag
Hepliaklqana
Kikubaaqudgha
Makhleb
Nemelex Xobeh
Okawaru
Qazlal
Ru
Sif Muna
Trog
Uskayaw
Vehumet
Wu Jian
Xom
Yredelemnul
Zin
The Shining One
Jiyva
Lugonu

Shops:
D !*(!*::!=*[([(?(*(![[?

Annotations:
D Lom Lobon


Message History

A freezing vortex appears around Lom Lobon!
Blink to where?
Press: ? - help, Dir - move target
As you read the scroll of blinking, it crumbles to dust.
* * * LOW HITPOINT WARNING * * *
You feel very sick.
You feel better.
Really walk into that net trap?
You become entangled in the net!
The ice encasing you melts away.
There is a net trap here.
You see here a throwing net.
You struggle against the net.
You are engulfed in dark miasma.
You feel yourself slow down.
* * * LOW HITPOINT WARNING * * *
You feel much better.
You are engulfed in dark miasma.
You are poisoned.
You feel as though you will be slow longer.
* * * LOW HITPOINT WARNING * * *
x2 You feel extremely sick.
You feel better.
You are engulfed in dark miasma.
You feel as though you will be slow longer.
* * * LOW HITPOINT WARNING * * *
You tear a large gash into the net.
You shred the net and break free! Lom Lobon closely misses you.
Lom Lobon gestures. 3 ball lightnings come into view.
Okay, then.
You feel protected.
The ball lightning explodes!
The blast of lightning engulfs you. You resist.
* * * LOW HITPOINT WARNING * * *
The blast of lightning engulfs Lom Lobon.
Lom Lobon completely resists.
The blast of lightning engulfs the ball lightning.
The ball lightning completely resists.
Lom Lobon gestures at you.
Lom Lobon conjures a mighty blast of ice!
The great icy blast engulfs you!! You partially resist.
You die...

.....§§####[........###○§§§#~~~~~
....§~§##(......#####°°°&####~~~~
...~§~###(.....##○°○.○○.^#..#'~~~
~~~~### #)....##.°°○○°°☼§#...##~~
####'####.....#..°°^°°§§§#....###
#####∩∩############.°°§°°#....#~~
∩∩∩∩∩∩###≈≈≈≈≈≈~~,#.§○○°§#######~
####### ###########○°○○°.+,,*)['$
#..0..+.@&**○○○○.#,,+)|#$
******############***#*##


You could see Lom Lobon (gusty) and 2 ball lightnings.

Vanquished Creatures
  the Lernaean hydra (D)
  A golden dragon (D)
  A deep elf master archer (D)
  A shadow dragon (D)
  A daeva (D)
  4 fire giants (D)
  A lorocyproca (D)
  A deep elf annihilator (D)
  A mummy priest (D)
  A hydra (D)
  2 centaur warriors (D)
  Sonja (D)
  A deep troll (D)
  A lindwurm (D)
  2 oklob plants (D)
  6 shining eyes (D)
  A merfolk siren (D)
  4 demonic crawlers (D)
  2 kobold demonologists (D)
  2 gargoyles (D)
  7 unseen horrors (D)
  A hellwing (D)
  A meliai (D)
  4 hornets (D)
  A slime creature (D)
  Sigmund (D)
  A yak (D)
  2 redbacks (D)
  13 hogs (D)
  3 floating eyes (D)
  An ogre (D)
  7 necrophages (D)
  8 jellies (D)
  Ijyb (D)
86 creatures vanquished.

Vanquished Creatures (collateral kills)
  2 shining eyes (D)
  4 floating eyes (D)
6 creatures vanquished.

Vanquished Creatures (others)
  A merfolk siren (D)
  A hornet (D)
  A ball lightning (D)
  2 ballistomycete spores (D)
  57 fulminant prisms (D)
62 creatures vanquished.

Grand Total: 154 creatures vanquished

Notes
Turn   | Place    | Note
-------+----------+-------------------------------------------
     0 | D        | PurpleRed the Deep Elf Conjurer began the quest for the
                  | Orb.
     0 | D        | Reached XP level 1. HP: 10/10 MP: 6/6
     3 | D        | Noticed Ijyb
    20 | D        | Killed Ijyb
    21 | D        | Reached skill level 5 in Spellcasting
    21 | D        | Reached XP level 2. HP: 15/15 MP: 7/10
    42 | D        | Learned a level 2 spell: Searing Ray
    44 | D        | Noticed an ogre
    49 | D        | Killed an ogre
    50 | D        | Reached skill level 7 in Spellcasting
    50 | D        | Reached XP level 3. HP: 19/19 MP: 5/13
    50 | D        | Reached XP level 4. HP: 24/24 MP: 5/15
    58 | D        | Learned a level 4 spell: Fulminant Prism
    63 | D        | Learned a level 4 spell: Iskenderun's Mystic Blast
   120 | D        | Noticed Sigmund
   141 | D        | Killed Sigmund
   142 | D        | Reached skill level 9 in Spellcasting
   142 | D        | Reached XP level 5. HP: 18/28 MP: 1/19
   142 | D        | Reached XP level 6. HP: 21/32 MP: 1/20
   264 | D        | Found an ornate altar of the Wu Jian Council.
   264 | D        | Found a shimmering blue altar of Sif Muna.
   276 | D        | Found a radiant altar of Vehumet.
   331 | D        | Found Guigyaw's Distillery.
   331 | D        | Found an ancient bone altar of Kikubaaqudgha.
   331 | D        | Found a hazy altar of Hepliaklqana.
   331 | D        | Found a stormy altar of Qazlal.
   331 | D        | Found a hide-covered altar of Uskayaw.
   331 | D        | Found a blossoming altar of Fedhas.
   331 | D        | Found a bloodstained altar of Trog.
   331 | D        | Found an iron altar of Okawaru.
   331 | D        | Found a basalt altar of Yredelemnul.
   331 | D        | Found a glowing golden altar of the Shining One.
   331 | D        | Found a snail-covered altar of Cheibriados.
   331 | D        | Found a sacrificial altar of Ru.
   331 | D        | Found a glowing silver altar of Zin.
   331 | D        | Found a shadowy altar of Dithmenos.
   331 | D        | Found a white marble altar of Elyvilon.
   331 | D        | Noticed a yak
   337 | D        | Killed a yak
   338 | D        | Reached skill level 11 in Spellcasting
   341 | D        | Found an opulent altar of Gozag.
   342 | D        | Found a sparkling altar of Nemelex Xobeh.
   346 | D        | Bought 2 potions of resistance for 240 gold pieces
   393 | D        | Learned a level 3 spell: Dazzling Flash
   395 | D        | Noticed Sonja
   407 | D        | Killed Sonja
   408 | D        | Reached skill level 13 in Spellcasting
   408 | D        | Reached skill level 15 in Conjurations
   408 | D        | Reached XP level 7. HP: 29/36 MP: 8/25
   501 | D        | Found Kus Zaip's Distillery.
   521 | D        | Noticed a deep troll
   537 | D        | Killed a deep troll
   538 | D        | Reached skill level 14 in Spellcasting
   538 | D        | Reached XP level 8. HP: 41/41 MP: 11/28
   669 | D        | Noticed a centaur warrior
   676 | D        | Killed a centaur warrior
   677 | D        | Reached skill level 15 in Spellcasting
   677 | D        | Reached XP level 9. HP: 45/45 MP: 21/30
   685 | D        | Killed a centaur warrior
   686 | D        | Reached skill level 16 in Spellcasting
   822 | D        | Noticed an oklob plant
   837 | D        | Killed an oklob plant
   910 | D        | Reached skill level 17 in Spellcasting
   913 | D        | Reached skill level 5 in Dodging
  1115 | D        | Killed an unseen horror
  1116 | D        | Reached XP level 10. HP: 56/56 MP: 24/33
  1150 | D        | Reached skill level 5 in Fighting
  1150 | D        | Reached skill level 18 in Spellcasting
  1289 | D        | Found Ideigh's Weapon Boutique.
  1289 | D        | Found Raqof's Distillery.
  1290 | D        | Found Simpaz's Distillery.
  1290 | D        | Found Qelaryth's Jewellery Boutique.
  1291 | D        | Found Gitef's Antique Armour Emporium.
  1319 | D        | Found Inwopp's Book Shop.
  1321 | D        | Found Nappy's Assorted Antiques.
  1321 | D        | Found Rofidas's Antique Armour Shop.
  1321 | D        | Found Negeas's Weapon Shoppe.
  1321 | D        | Found Zyaj's Antique Armour Boutique.
  1321 | D        | Found Wizienk's Antique Weapon Emporium.
  1321 | D        | Found Havvuum's Magic Scroll Shop.
  1321 | D        | Found Bomuyc's Weapon Shoppe.
  1322 | D        | Found Vifez's Assorted Antiques.
  1378 | D        | Became a worshipper of Vehumet
  1470 | D        | Found Vepsui's Armour Emporium.
  1515 | D        | Bought a book of Storms for 364 gold pieces
  1520 | D        | Learned a level 4 spell: Airstrike
  1525 | D        | Learned a level 4 spell: Summon Lightning Spire
  1531 | D        | Bought a pair of glowing gloves for 135 gold pieces
  1549 | D        | Bought a potion of heal wounds for 55 gold pieces
  1549 | D        | Bought a potion of curing for 33 gold pieces
  1591 | D        | Found a burning altar of Makhleb.
  1591 | D        | Found a viscous altar of Jiyva.
  1591 | D        | Found a shimmering altar of Xom.
  1591 | D        | Found a corrupted altar of Lugonu.
  1600 | D        | Reached skill level 1 in Air Magic
  1654 | D        | Reached * piety under Vehumet
  1654 | D        | Offered knowledge of Foxfire by Vehumet.
  1690 | D        | Noticed a demonic crawler
  1690 | D        | Noticed a demonic crawler
  1690 | D        | Noticed a demonic crawler
  1690 | D        | Noticed a demonic crawler
  1693 | D        | Killed a demonic crawler
  1696 | D        | Killed a demonic crawler
  1696 | D        | Reached ** piety under Vehumet
  1697 | D        | Reached skill level 5 in Air Magic
  1700 | D        | Killed a demonic crawler
  1702 | D        | Killed a demonic crawler
  1703 | D        | Reached skill level 19 in Spellcasting
  1774 | D        | Noticed a gargoyle
  1776 | D        | Killed a gargoyle
  1822 | D        | Bought a ring of poison resistance for 220 gold pieces
  1873 | D        | Noticed a lindwurm
  1888 | D        | Killed a lindwurm
  1888 | D        | Offered knowledge of Shock by Vehumet.
  1888 | D        | Reached *** piety under Vehumet
  1925 | D        | Reached XP level 11. HP: 67/67 MP: 27/36
  1925 | D        | Reached **** piety under Vehumet
  1928 | D        | Reached ***** piety under Vehumet
  2066 | D        | Killed a lorocyproca
  2066 | D        | Offered knowledge of Scorch by Vehumet.
  2067 | D        | Reached skill level 20 in Spellcasting
  2067 | D        | Reached skill level 10 in Air Magic
  2072 | D        | Learned a level 2 spell: Scorch
  2211 | D        | Offered knowledge of Mephitic Cloud by Vehumet.
  2212 | D        | Reached skill level 1 in Fire Magic
  2387 | D        | Bought a ring of protection from cold for 275 gold pieces
  2557 | D        | Bought a potion of brilliance for 48 gold pieces
  2557 | D        | Bought a potion of curing for 36 gold pieces
  2557 | D        | Bought a potion of haste for 120 gold pieces
  2576 | D        | Bought a potion of haste for 140 gold pieces
  2603 | D        | Noticed a shining eye
  2603 | D        | Noticed a shining eye
  2603 | D        | Noticed a shining eye
  2603 | D        | Offered knowledge of Freezing Cloud by Vehumet.
  2608 | D        | Noticed a shining eye
  2612 | D        | Killed a shining eye
  2612 | D        | Killed a shining eye
  2612 | D        | Reached ****** piety under Vehumet
  2618 | D        | Noticed a shining eye
  2621 | D        | Reached skill level 5 in Fire Magic
  2624 | D        | Noticed a shining eye
  2624 | D        | Killed a shining eye
  2624 | D        | Killed a shining eye
  2625 | D        | Reached skill level 10 in Fighting
  2625 | D        | Noticed a shining eye
  2628 | D        | Noticed a shining eye
  2630 | D        | Killed a shining eye
  2636 | D        | Killed a shining eye
  2639 | D        | Killed a shining eye
  2642 | D        | Killed a shining eye
  2643 | D        | Reached skill level 10 in Fire Magic
  2755 | D        | Found Xeseiw's Assorted Antiques.
  2755 | D        | Found Zahoss's Assorted Antiques.
  2755 | D        | Found Volum's Book Boutique.
  2755 | D        | Found Kacap's Antique Weapon Emporium.
  2760 | D        | Bought a book of Scorching for 420 gold pieces
  2768 | D        | Learned a level 5 spell: Freezing Cloud
  2768 | D        | Bought a scroll labelled IGAOLA ROCA for 26 gold pieces
  2777 | D        | Bought a scroll labelled GEXOGE TYRGHOAM for 25 gold pieces
  2777 | D        | Bought a scroll labelled FOCKIEPL BAIMOMA for 25 gold
                  | pieces
  2777 | D        | Bought a scroll labelled NOTUCS EVYWN for 25 gold pieces
  2933 | D        | Noticed a daeva
  2948 | D        | Killed a daeva
  2948 | D        | Offered knowledge of Orb of Destruction by Vehumet.
  2957 | D        | Learned a level 7 spell: Orb of Destruction
  3097 | D        | Reached XP level 12. HP: 51/78 MP: 24/38
  3190 | D        | Learned a level 8 spell: Lehudib's Crystal Spear
  3194 | D        | Noticed a fire giant
  3217 | D        | Killed a fire giant
  3218 | D        | Reached skill level 5 in Earth Magic
  3330 | D        | Noticed a fire giant
  3336 | D        | Noticed a fire giant
  3339 | D        | Killed a fire giant
  3447 | D        | Killed a fire giant
  3447 | D        | Offered knowledge of Ozocubu's Refrigeration by Vehumet.
  3573 | D        | Noticed a fire giant
  3575 | D        | Killed a fire giant
  3576 | D        | Reached skill level 10 in Earth Magic
  3636 | D        | Noticed a 12-headed hydra
  3642 | D        | Killed a 12-headed hydra
  3909 | D        | Bought a ring of fire for 275 gold pieces
  3910 | D        | Bought a potion of heal wounds for 70 gold pieces
  4077 | D        | Bought a book of Lightning for 476 gold pieces
  4084 | D        | Learned a level 6 spell: Plasma Beam
  4140 | D        | Noticed a deep elf annihilator
  4143 | D        | Killed a deep elf annihilator
  4159 | D        | Offered knowledge of Fireball by Vehumet.
  4273 | D        | Learned a level 5 spell: Fireball
  4292 | D        | Noticed a mummy priest
  4296 | D        | Killed a mummy priest
  4327 | D        | Noticed the 27-headed Lernaean hydra
  4331 | D        | Killed the 27-headed Lernaean hydra
  4377 | D        | Noticed a deep elf master archer
  4377 | D        | Found the +2 hat of the Bear Spirit {Spirit, Bear, *Rage
                  | Will++}
  4520 | D        | Killed a deep elf master archer
  4520 | D        | Offered knowledge of Starburst by Vehumet.
  4521 | D        | Reached skill level 10 in Dodging
  4521 | D        | Reached XP level 13. HP: 83/83 MP: 19/39
  4672 | D        | Identified the +5 trident of the Shrike {holy, Contam rC+
                  | rN+}
  4804 | D        | Noticed a shadow dragon
  4808 | D        | Noticed a golden dragon
  4809 | D        | Killed a shadow dragon
  4835 | D        | Killed a golden dragon
  4836 | D        | Reached skill level 15 in Fire Magic
  4836 | D        | Reached skill level 15 in Earth Magic
  4899 | D        | Found Boemoss's Magic Scroll Shoppe.
  4920 | D        | Bought a scroll of blinking for 82 gold pieces
  4957 | D        | Noticed Lom Lobon
  4969 | D        | Killed from afar by Lom Lobon

Illustrated notes

Levels and vault maps discovered:
D:        dungeon_sprint_1 [red_sonja_temple_1, red_sonja_temple_small_1]

Skill      XL: |  1  2  3  4  5  6  7  8  9 10 11 12 13 |
---------------+----------------------------------------+-----
Spellcasting   | 5 7 9 13 14 15 17 19 20 | 20.6
Conjurations   | 6 9 11 15 16 17 19 | 19.6
Hexes          | 3 |  3.0
Translocations | 3 |  3.0
Fighting       | 4 7 10 | 10.6
Dodging        | 6 7 10 | 10.0
Air Magic      | 8 10 | 10.0
Fire Magic     | 10 13 15 | 15.0
Earth Magic    | 14 15 | 15.4
Stealth        | |  2.4

Action                     |  1- 3 |  4- 6 |  7- 9 | 10-12 | 13-15 || total
---------------------------+-------+-------+-------+-------+-------++-------
  Melee: Unarmed           |     8 |       |       |       |       ||     8
   Cast: Magic Dart        |     5 |       |       |       |       ||     5
         Searing Ray       |     1 |       |       |       |       ||     1
         Fulminant Prism   |       |     7 |    18 |    35 |       ||    60
         Iskenderun's Myst |       |     5 |    10 |    34 |       ||    49
         Airstrike         |       |       |       |    20 |       ||    20
         Scorch            |       |       |       |     3 |       ||     3
         Freezing Cloud    |       |       |       |     4 |       ||     4
         Summon Lightning  |       |       |       |     4 |       ||     4
         Plasma Beam       |       |       |       |    11 |     9 ||    20
         Lehudib's Crystal |       |       |       |    10 |       ||    10
         Fireball          |       |       |       |     6 |       ||     6
  Evoke: Wand              |       |       |       |       |     1 ||     1
    Use: Potion            |     4 |     2 |       |     3 |     5 ||    14
         Scroll            |       |       |       |    10 |     5 ||    15
 Armour: Skin              |     1 |       |       |       |       ||     1
         Robe              |       |       |       |     9 |       ||     9
  Dodge: Dodged            |     5 |     1 |     2 |    20 |     1 ||    29
